[Event "CAT-chT Honor Division 2019"]
[Site "Catalonia"]
[Date "2019.02.16"]
[Round "5.6"]
[White "Pi Pares, Albert"]
[Black "Bofill Mas, Alejandro"]
[Result "0-1"]
[ECO "B52"]
[WhiteElo "2153"]
[BlackElo "2324"]
[Annotator "NA"]
[PlyCount "98"]
[EventDate "2019.01.16"]
[EventType "team-tourn"]
[EventCountry "ESP"]
[SourceTitle "playchess.com"]
[Source "ChessBase"]
[SourceQuality "1"]
[WhiteTeam "Figueres"]
[BlackTeam "Colon Sabadell Chessy"]
[TimeControl "5400+30"]

1. e4 c5 2. Nf3 d6 3. Bb5+ Bd7 4. Bxd7+ Qxd7 5. O-O Nf6 6. Re1 Nc6 7. c3 e6 8. d4 cxd4 9. cxd4 d5 10. e5 Ne4 11. Re2 Rc8 12. Be3 Be7 13. Rc2 O-O 14. Nbd2 Nxd2 15. Bxd2 Bd8 16. Rac1 Bb6 17. Bc3 a6 18. Qd3 h6 19. Bd2 Na7 20. Qb3 Rxc2 21. Rxc2 Qb5 22. Bb4 Rc8 23. a4 Qd7 24. h4 Rxc2 25. Qxc2 Qc6 26. Bc5 a5 27. Ne1 Bxc5 28. dxc5 b6 29. Nd3 bxc5 30. Nxc5 d4 31. Qc1 Qd5 32. Nd3 Nc6 33. f4 h5 34. Kf2 Qe4 35. Nc5 Qd5 36. Nd3 g6 37. g3 Kg7 38. Qc2 Qh1 39. Qe2 Qb1 40. Qd2 Qh1 41. Qc1 Qh2+ 42. Kf3 Ne7 43. Nf2 Nf5 44. Ne4 Ne3 45. Nf2 Qg2+ 46. Ke2 Qxg3 47. Qc5 Qxf4 48. Qxa5 Nc4 49. Qc5 Qe3+ 0-1

[Event "CAT-chT Honor Division 2019"]
[Site "Catalonia"]
[Date "2019.02.16"]
[Round "5.7"]
[White "Perpinya Rofes, Lluis Maria"]
[Black "Banos, Oscar"]
[Result "1-0"]
[ECO "C11"]
[WhiteElo "2317"]
[BlackElo "2172"]
[Annotator "NA"]
[PlyCount "69"]
[EventDate "2019.01.16"]
[EventType "team-tourn"]
[EventCountry "ESP"]
[SourceTitle "playchess.com"]
[Source "ChessBase"]
[SourceQuality "1"]
[WhiteTeam "Colon Sabadell Chessy"]
[BlackTeam "Figueres"]
[TimeControl "5400+30"]

1. e4 e6 2. d4 d5 3. Nc3 Nf6 4. e5 Nfd7 5. Nce2 c5 6. c3 Nc6 7. Nf3 cxd4 8. cxd4 f6 9. exf6 Qxf6 10. Nc3 Bd6 11. Bd3 h6 12. O-O O-O 13. a3 Rd8 14. Re1 Nf8 15. b4 Bd7 16. b5 Ne7 17. Ne5 Nf5 18. Qg4 Rac8 19. Nxd5 exd5 20. Nxd7 Rxd7 21. Bxf5 Rf7 22. Bf4 Rd8 23. Bxd6 Rxd6 24. Qg3 Rb6 25. Bd3 Qxd4 26. Rad1 Qa4 27. Bb1 Rxb5 28. Ba2 Rd7 29. Qf3 Qa5 30. Re8 Rf7 31. Bxd5 Rxd5 32. Qxd5 Qxa3 33. Rde1 Qb4 34. g3 g6 35. R8e7 1-0

[Event "CAT-chT Honor Division 2019"]
[Site "Catalonia"]
[Date "2019.02.16"]
[Round "5.7"]
[White "Campins Machado, Francesc"]
[Black "Ternault, Mathieu"]
[Result "1-0"]
[ECO "A21"]
[WhiteElo "2109"]
[BlackElo "2308"]
[Annotator "NA"]
[PlyCount "97"]
[EventDate "2019.01.16"]
[EventType "team-tourn"]
[EventCountry "ESP"]
[SourceTitle "playchess.com"]
[Source "ChessBase"]
[SourceQuality "1"]
[WhiteTeam "Sant Josep Badalona"]
[BlackTeam "Barcelona"]
[TimeControl "5400+30"]

1. Nf3 Nc6 2. c4 d6 3. g3 e5 4. Nc3 f5 5. d3 Nf6 6. Bg2 Be7 7. O-O O-O 8. Rb1 Qe8 9. Nd5 Nxd5 10. cxd5 Nd8 11. b4 Qh5 12. Qc2 c6 13. dxc6 bxc6 14. b5 Bd7 15. Ba3 f4 16. bxc6 Bxc6 17. Qc3 Rc8 18. Rfc1 Qf7 19. Qa5 g5 20. Qa6 Rc7 21. Rb8 fxg3 22. hxg3 g4 23. Rxd8 Bxd8 24. Rxc6 gxf3 25. Bxf3 Qxa2 26. Bxd6 Qxa6 27. Rxa6 Rc1+ 28. Kg2 Bb6 29. Bxe5 h5 30. d4 h4 31. gxh4 Kf7 32. e3 Ke6 33. Bg3 Kd7 34. h5 Rc3 35. h6 Kc8 36. Be4 Rc7 37. h7 Rg7 38. Ra1 a5 39. Kh3 Rh8 40. f4 Kd7 41. Bf5+ Kc6 42. e4 Kb5 43. d5 a4 44. Rb1+ Ka6 45. Rb4 Ka5 46. Be1 Bf2 47. Rb8+ Bxe1 48. Rxh8 Ra7 49. Rc8 1-0

[Event "CAT-chT Honor Division 2019"]
[Site "Catalonia"]
[Date "2019.02.16"]
[Round "5.8"]
[White "Oms Fuentes, Lluis"]
[Black "Hapala, Elisabeth"]
[Result "1-0"]
[ECO "B22"]
[WhiteElo "2302"]
[BlackElo "2136"]
[Annotator "NA"]
[PlyCount "59"]
[EventDate "2019.01.16"]
[EventType "team-tourn"]
[EventCountry "ESP"]
[SourceTitle "playchess.com"]
[Source "ChessBase"]
[SourceQuality "1"]
[WhiteTeam "Barcelona"]
[BlackTeam "Sant Josep Badalona"]
[TimeControl "5400+30"]

1. e4 c5 2. c3 Nf6 3. e5 Nd5 4. d4 cxd4 5. Nf3 e6 6. cxd4 b6 7. Nc3 Nxc3 8. bxc3 Qc7 9. Bd2 Bb7 10. Bd3 d6 11. O-O Nd7 12. Re1 dxe5 13. Nxe5 Nxe5 14. Rxe5 Bd6 15. Bb5+ Bc6 16. Qf3 Rc8 17. Bxc6+ Qxc6 18. d5 Qb7 19. Rh5 O-O 20. Qh3 g6 21. Rxh7 Be5 22. dxe6 Qc6 23. exf7+ Rxf7 24. Rxf7 Kxf7 25. Qh7+ Kf6 26. Re1 Qd6 27. Bh6 Bxh2+ 28. Kh1 Bf4 29. Bg7+ Kg5 30. Qh6+ 1-0

[Event "CAT-chT Honor Division 2019"]
[Site "Catalonia"]
[Date "2019.02.16"]
[Round "5.8"]
[White "Colls Gelaberto, Emili"]
[Black "Garcia Ramos, Daniel"]
[Result "1/2-1/2"]
[ECO "E18"]
[WhiteElo "2115"]
[BlackElo "2282"]
[Annotator "NA"]
[PlyCount "113"]
[EventDate "2019.01.16"]
[EventType "team-tourn"]
[EventCountry "ESP"]
[SourceTitle "playchess.com"]
[Source "ChessBase"]
[SourceQuality "1"]
[WhiteTeam "Figueres"]
[BlackTeam "Colon Sabadell Chessy"]
[TimeControl "5400+30"]

1. d4 Nf6 2. Nf3 b6 3. g3 Bb7 4. Bg2 e6 5. O-O Be7 6. c4 O-O 7. Nc3 Ne4 8. Qc2 Nxc3 9. Qxc3 d6 10. b3 a5 11. Bb2 f5 12. a3 Bf6 13. Rfd1 Qe7 14. Rd2 Nd7 15. Rad1 Rab8 16. Ne1 Bxg2 17. Nxg2 Nc5 18. Qc2 Ne4 19. Rd3 b5 20. f3 bxc4 21. bxc4 Nc5 22. R3d2 Nb3 23. Rd3 a4 24. Bc3 Qf7 25. f4 c5 26. dxc5 Bxc3 27. Rxc3 Qa7 28. Qd3 Nxc5 29. Qe3 Qc7 30. Qd4 Ne4 31. Rcd3 Qb7 32. Nh4 Qb2 33. Kf1 Qxd4 34. Rxd4 Rb3 35. R4d3 Rc8 36. Nf3 Rxc4 37. Nd4 Rxd3 38. Rxd3 Kf7 39. Nb5 Ke7 40. Rd4 Rxd4 41. Nxd4 Nd2+ 42. Kf2 Nc4 43. Nb5 d5 44. Nc3 Kd6 45. Nxa4 d4 46. e3 e5 47. fxe5+ Kxe5 48. exd4+ Kxd4 49. Kf3 g5 50. h3 h6 51. Ke2 Nd6 52. Nb6 g4 53. hxg4 fxg4 54. Kf2 Nf5 55. a4 Kc5 56. Nd7+ Kb4 57. Nf6 1/2-1/2

[Event "CAT-chT Honor Division 2019"]
[Site "Catalonia"]
[Date "2019.02.16"]
[Round "5.9"]
[White "Ayas Fernandez, Antonio"]
[Black "Parals Marce, Luis"]
[Result "0-1"]
[ECO "B07"]
[WhiteElo "2253"]
[BlackElo "2025"]
[Annotator "NA"]
[PlyCount "106"]
[EventDate "2019.01.16"]
[EventType "team-tourn"]
[EventCountry "ESP"]
[SourceTitle "playchess.com"]
[Source "ChessBase"]
[SourceQuality "1"]
[WhiteTeam "Colon Sabadell Chessy"]
[BlackTeam "Figueres"]
[TimeControl "5400+30"]

1. e4 d6 2. d4 Nf6 3. Nc3 c6 4. a4 a5 5. Bg5 Qb6 6. Qd3 Na6 7. O-O-O h6 8. Bxf6 gxf6 9. Nge2 Bd7 10. Ng3 O-O-O 11. Be2 Kb8 12. Bh5 Be8 13. f4 e6 14. d5 Nc5 15. Qf3 cxd5 16. exd5 f5 17. dxe6 fxe6 18. Bxe8 Rxe8 19. Nh5 Rc8 20. Kb1 Rh7 21. Rhe1 Rhc7 22. Rxe6 Nxe6 23. Nd5 Qc6 24. Nxc7 Qxf3 25. gxf3 Rxc7 26. b3 Kc8 27. c4 Kd8 28. Kc2 Ke8 29. Nf6+ Kf7 30. Nd5 Rc8 31. Nb6 Re8 32. Rd5 Kg6 33. Rxa5 Nxf4 34. Rb5 Re2+ 35. Kd1 Rxh2 36. Nd5 Nxd5 37. cxd5 h5 38. Rxb7 h4 39. Ke1 h3 40. Kf1 Rd2 41. Kg1 Bg7 42. f4 Rg2+ 43. Kh1 Bd4 44. a5 Ra2 45. b4 Be3 46. Re7 Bxf4 47. Re1 Rb2 48. a6 Rxb4 49. Ra1 Rb8 50. a7 Ra8 51. Ra3 h2 52. Ra6 Kf6 53. Ra3 Be5 0-1

[Event "CAT-chT Honor Division 2019"]
[Site "Catalonia"]
[Date "2019.02.16"]
[Round "5.9"]
[White "Soto, Miguel Angel"]
[Black "Jimenez Ruano, Adrian"]
[Result "1-0"]
[ECO "B99"]
[WhiteElo "2198"]
[BlackElo "2287"]
[Annotator "NA"]
[PlyCount "51"]
[EventDate "2019.01.16"]
[EventType "team-tourn"]
[EventCountry "ESP"]
[SourceTitle "playchess.com"]
[Source "ChessBase"]
[SourceQuality "1"]
[WhiteTeam "Sant Josep Badalona"]
[BlackTeam "Barcelona"]
[TimeControl "5400+30"]

1. e4 c5 2. Nf3 d6 3. d4 cxd4 4. Nxd4 Nf6 5. Nc3 a6 6. Bg5 e6 7. f4 Be7 8. Qf3 h6 9. Bh4 Qc7 10. O-O-O Nbd7 11. Be2 b5 12. Bxf6 Nxf6 13. e5 Bb7 14. Qg3 dxe5 15. fxe5 Nd7 16. Nxe6 fxe6 17. Qg6+ Kd8 18. Qxe6 Bg5+ 19. Kb1 Re8 20. Qf5 Ke7 21. Rd6 Nc5 22. Bh5 Rf8 23. Qg6 Bf6 24. exf6+ Kxd6 25. fxg7+ Ke7 26. Re1+ 1-0

[Event "CAT-chT Honor Division 2019"]
[Site "Catalonia"]
[Date "2019.02.16"]
[Round "5.10"]
[White "Gomez Jurado, Luis Alberto"]
[Black "Barcelo Sola, David"]
[Result "1-0"]
[ECO "A29"]
[WhiteElo "2201"]
[BlackElo "1991"]
[Annotator "NA"]
[PlyCount "77"]
[EventDate "2019.01.16"]
[EventType "team-tourn"]
[EventCountry "ESP"]
[SourceTitle "playchess.com"]
[Source "ChessBase"]
[SourceQuality "1"]
[WhiteTeam "Barcelona"]
[BlackTeam "Sant Josep Badalona"]
[TimeControl "5400+30"]

1. Nf3 Nc6 2. c4 e5 3. Nc3 Nf6 4. g3 d5 5. cxd5 Nxd5 6. Bg2 Nb6 7. O-O Be7 8. a3 Be6 9. b4 O-O 10. Rb1 a6 11. d3 f5 12. Be3 Nd5 13. Nxd5 Bxd5 14. Bc5 Kh8 15. Bxe7 Qxe7 16. Rc1 Rad8 17. Rc5 Rd7 18. Qc1 Bxf3 19. Bxf3 Nd4 20. Qe3 Nxf3+ 21. exf3 f4 22. Qe4 Qd6 23. Rxe5 Qxd3 24. Re8 Qd6 25. Kg2 Rd8 26. Rxf8+ Rxf8 27. Qxb7 h5 28. Rc1 fxg3 29. hxg3 h4 30. Rh1 g5 31. Qe4 Rg8 32. Qg4 Rg6 33. Rc1 Kg7 34. Rc5 Kh6 35. Qc8 Rg7 36. Qe8 Kh7 37. Qh5+ Kg8 38. Rxg5 hxg3 39. Qe8+ 1-0

[Event "CAT-chT Honor Division 2019"]
[Site "Catalonia"]
[Date "2019.02.16"]
[Round "5.10"]
[White "Vilar Lopez, Monica"]
[Black "Garcia De Blas, Esteban"]
[Result "0-1"]
[ECO "C02"]
[WhiteElo "2073"]
[BlackElo "1993"]
[Annotator "NA"]
[PlyCount "98"]
[EventDate "2019.01.16"]
[EventType "team-tourn"]
[EventCountry "ESP"]
[SourceTitle "playchess.com"]
[Source "ChessBase"]
[SourceQuality "1"]
[WhiteTeam "Figueres"]
[BlackTeam "Colon Sabadell Chessy"]
[TimeControl "5400+30"]

1. e4 e6 2. d4 d5 3. e5 c5 4. c3 Nc6 5. Nf3 Qb6 6. Be2 f6 7. exf6 Nxf6 8. O-O Bd6 9. Bd3 O-O 10. b3 cxd4 11. cxd4 e5 12. dxe5 Nxe5 13. Bb2 Nxf3+ 14. Qxf3 Bxh2+ 15. Kh1 Bd6 16. Qe3 Qb4 17. Qd4 Bd7 18. Nd2 Qxd4 19. Bxd4 b6 20. Nf3 Rae8 21. Rac1 Ne4 22. Rce1 Bg4 23. Bxe4 dxe4 24. Nd2 Bb4 25. Rxe4 Be2 26. Rxe2 Rxe2 27. Nf3 Rc8 28. Rd1 Rxa2 29. Ng5 Re2 30. Nf3 Rec2 31. Be3 Bc5 32. Bxc5 R2xc5 33. Rd7 R8c7 34. Rd8+ Kf7 35. g3 Ke7 36. Rd2 Rc3 37. Nd4 Kf7 38. Nb5 Rc1+ 39. Kg2 Re7 40. Nd6+ Kg6 41. Nc4 h6 42. Ne3 Kh7 43. Nf5 Rec7 44. Rd8 R1c2 45. Re8 Rf7 46. g4 g6 47. Re7 Rxe7 48. Nxe7 a5 49. Nd5 b5 0-1

[Event "CAT-chT Honor Division 2019"]
[Site "Catalonia"]
[Date "2019.02.23"]
[Round "6.2"]
[White "Krysa, Leandro"]
[Black "Prie, Eric"]
[Result "1-0"]
[ECO "A40"]
[WhiteElo "2499"]
[BlackElo "2459"]
[Annotator "ChessBase"]
[PlyCount "87"]
[EventDate "2019.01.16"]
[EventType "team-tourn"]
[EventCountry "ESP"]
[SourceTitle "playchess.com"]
[Source "ChessBase"]
[SourceQuality "1"]
[WhiteTeam "Mollet"]
[BlackTeam "Gerunda"]
[TimeControl "5400+30"]

1. d4 Nf6 2. c4 c5 3. d5 b5 4. cxb5 a6 5. e3 e6 6. Nc3 exd5 7. Nxd5 Bb7 8. Nxf6+ Qxf6 9. Nf3 Be7 10. Be2 axb5 11. Bxb5 O-O 12. O-O d5 13. a4 Rd8 14. Ra2 Nc6 15. b3 d4 16. exd4 Nxd4 17. Nxd4 cxd4 18. Qd3 Rac8 19. Bc4 Bd6 20. Re2 g6 21. Bd2 Rc5 22. Rfe1 Rh5 23. h3 Kg7 24. a5 Rf5 25. a6 Bc6 26. b4 Ba8 27. b5 Bc5 28. f4 h5 29. Re5 h4 30. Ba5 Rc8 31. Bd2 Bb6 32. Re7 Qd6 33. Re8 Rxc4 34. Qxc4 Bd5 35. Qd3 Be6 36. Ra1 Qc5 37. Rc1 Qd5 38. Rb8 Qd6 39. Rxb6 Qxb6 40. Rc6 Qxb5 41. Qxd4+ Kh7 42. Bc3 Qb1+ 43. Kh2 f6 44. Rxe6 1-0

[Event "CAT-chT Honor Division 2019"]
[Site "Catalonia"]
[Date "2019.02.23"]
[Round "6.2"]
[White "Vidal Zamora, Alex"]
[Black "Escuder, Jordi"]
[Result "1/2-1/2"]
[ECO "D45"]
[WhiteElo "2421"]
[BlackElo "2271"]
[Annotator "NA"]
[PlyCount "38"]
[EventDate "2019.01.16"]
[EventType "team-tourn"]
[EventCountry "ESP"]
[SourceTitle "playchess.com"]
[Source "ChessBase"]
[SourceQuality "1"]
[WhiteTeam "CE Olot"]
[BlackTeam "CE Tres Peons"]
[TimeControl "5400+30"]

1. d4 d5 2. c4 e6 3. Nc3 c6 4. e3 Nf6 5. Nf3 Nbd7 6. Qc2 Bd6 7. b3 O-O 8. Bb2 Qe7 9. Rd1 Re8 10. Be2 b6 11. O-O Bb7 12. e4 dxe4 13. Nxe4 Nxe4 14. Qxe4 Nf8 15. Ne5 c5 16. Qe3 cxd4 17. Bxd4 f6 18. Nf3 Rad8 19. Nh4 e5 1/2-1/2

[Event "CAT-chT Honor Division 2019"]
[Site "Catalonia"]
[Date "2019.02.23"]
[Round "6.3"]
[White "Valle Maytin, Luis Enrique"]
[Black "Sosa, Tomas"]
[Result "0-1"]
[ECO "A40"]
[WhiteElo "2285"]
[BlackElo "2499"]
[Annotator "ChessBase"]
[PlyCount "92"]
[EventDate "2019.01.16"]
[EventType "team-tourn"]
[EventCountry "ESP"]
[SourceTitle "playchess.com"]
[Source "ChessBase"]
[SourceQuality "1"]
[WhiteTeam "Gerunda"]
[BlackTeam "Mollet"]
[TimeControl "5400+30"]

1. d4 g6 2. Nf3 Bg7 3. g3 b5 4. Bg2 Bb7 5. O-O Nf6 6. Nbd2 O-O 7. Re1 d6 8. c4 bxc4 9. Nxc4 Nbd7 10. b3 a5 11. Bb2 Qb8 12. Ncd2 c5 13. Rc1 cxd4 14. Bxd4 e5 15. Ba1 d5 16. e3 Ra7 17. Qc2 Ba8 18. Red1 Re8 19. Bc3 h5 20. Qb2 Bh6 21. Rc2 Ra6 22. Ne1 Ng4 23. Nf1 Ngf6 24. Nd2 h4 25. Nf1 hxg3 26. hxg3 Bg7 27. Rcd2 Nc5 28. Nd3 Nxd3 29. Rxd3 d4 30. exd4 Bxg2 31. Kxg2 e4 32. R3d2 e3 33. fxe3 Ne4 34. Re2 Rf6 35. Be1 Qb7 36. Kg1 Ng5 37. Nd2 Re4 38. Bf2 Nh3+ 39. Kh2 Nxf2 40. Nxe4 Nxe4 41. Qc2 Qd5 42. Rg2 Qh5+ 43. Kg1 Ng5 44. Qc8+ Bf8 45. g4 Qh4 46. Rf1 Nh3+ 0-1

[Event "CAT-chT Honor Division 2019"]
[Site "Catalonia"]
[Date "2019.02.23"]
[Round "6.3"]
[White "Boix Moreno, Daniel"]
[Black "Sabria Batlle, Pol"]
[Result "0-1"]
[ECO "C84"]
[WhiteElo "2225"]
[BlackElo "2284"]
[Annotator "NA"]
[PlyCount "72"]
[EventDate "2019.01.16"]
[EventType "team-tourn"]
[EventCountry "ESP"]
[SourceTitle "playchess.com"]
[Source "ChessBase"]
[SourceQuality "1"]
[WhiteTeam "CE Tres Peons"]
[BlackTeam "CE Olot"]
[TimeControl "5400+30"]

1. e4 e5 2. Nf3 Nc6 3. Bb5 a6 4. Ba4 Nf6 5. d3 b5 6. Bb3 Be7 7. a4 b4 8. Nbd2 d6 9. a5 O-O 10. O-O Rb8 11. Re1 h6 12. h3 Re8 13. Nc4 Bf8 14. Bd2 Na7 15. d4 Nc6 16. d5 Ne7 17. Ncxe5 dxe5 18. Nxe5 Nd7 19. Nxf7 Kxf7 20. Qh5+ Kg8 21. d6+ Kh7 22. dxc7 Qxc7 23. Qxe8 Bb7 24. Qh5 Nf6 25. Qf7 Qe5 26. f3 Ng6 27. Be3 Nh4 28. Bf2 Bc5 29. Re2 Nxf3+ 30. gxf3 Qg3+ 31. Kf1 Qxf3 32. Ke1 Bxf2+ 33. Rxf2 Qh1+ 34. Rf1 Qxe4+ 35. Kd2 Qg2+ 36. Ke3 Re8+ 0-1

[Event "CAT-chT Honor Division 2019"]
[Site "Catalonia"]
[Date "2019.02.23"]
[Round "6.4"]
[White "Aymerich Verdaguer, Eduard"]
[Black "Gonzalez Verges, Alex"]
[Result "1-0"]
[ECO "E92"]
[WhiteElo "2204"]
[BlackElo "2223"]
[Annotator "NA"]
[PlyCount "69"]
[EventDate "2019.01.16"]
[EventType "team-tourn"]
[EventCountry "ESP"]
[SourceTitle "playchess.com"]
[Source "ChessBase"]
[SourceQuality "1"]
[WhiteTeam "CE Olot"]
[BlackTeam "CE Tres Peons"]
[TimeControl "5400+30"]

1. d4 Nf6 2. c4 g6 3. Nc3 Bg7 4. e4 d6 5. Be2 Nbd7 6. Nf3 e5 7. dxe5 dxe5 8. h3 O-O 9. Be3 c6 10. Nd2 Qe7 11. O-O Nc5 12. Bxc5 Qxc5 13. Qa4 a5 14. Qc2 Bh6 15. Nb3 Qe7 16. Na4 Be6 17. Rad1 Rfd8 18. Rxd8+ Rxd8 19. Qc3 Qb4 20. Qxe5 Nd7 21. Qc7 Ra8 22. Nd4 Nf8 23. b3 Bg7 24. Rd1 Bxd4 25. Rxd4 Rc8 26. Qd6 Qe1+ 27. Bf1 Re8 28. Nb6 Bc8 29. c5 Ne6 30. Rd2 Nxc5 31. Rd1 Qb4 32. Nxc8 Rxc8 33. Bc4 Re8 34. Qf6 Rf8 35. Bxf7+ 1-0

[Event "CAT-chT Honor Division 2019"]
[Site "Catalonia"]
[Date "2019.02.23"]
[Round "6.5"]
[White "Moll, Arne"]
[Black "Triadu Cassa, Jordi"]
[Result "1/2-1/2"]
[ECO "A03"]
[WhiteElo "2189"]
[BlackElo "2133"]
[Annotator "NA"]
[PlyCount "43"]
[EventDate "2019.01.16"]
[EventType "team-tourn"]
[EventCountry "ESP"]
[SourceTitle "playchess.com"]
[Source "ChessBase"]
[SourceQuality "1"]
[WhiteTeam "CE Tres Peons"]
[BlackTeam "CE Olot"]
[TimeControl "5400+30"]

1. b3 d5 2. Bb2 c6 3. e3 Nf6 4. f4 g6 5. Be2 Bg7 6. Nf3 Bg4 7. O-O O-O 8. c4 e6 9. h3 Bxf3 10. Bxf3 Nbd7 11. Nc3 Ne4 12. Bxe4 dxe4 13. Ba3 c5 14. Qc2 f5 15. Rad1 Qa5 16. Bb2 Rad8 17. d3 exd3 18. Rxd3 Nb8 19. Rfd1 Nc6 20. a3 Rxd3 21. Rxd3 Rd8 22. Qd2 1/2-1/2

[Event "CAT-chT Honor Division 2019"]
[Site "Catalonia"]
[Date "2019.02.23"]
[Round "6.5"]
[White "Medina Masdeu, Rasen"]
[Black "Rios, Cristhian Camilo"]
[Result "0-1"]
[ECO "B34"]
[WhiteElo "2160"]
[BlackElo "2482"]
[Annotator "RC"]
[PlyCount "112"]
[EventDate "2019.01.16"]
[EventType "team-tourn"]
[EventCountry "ESP"]
[SourceTitle "playchess.com"]
[Source "ChessBase"]
[SourceQuality "1"]
[WhiteTeam "Gerunda"]
[BlackTeam "Mollet"]
[TimeControl "5400+30"]

1. e4 c5 2. Nf3 Nc6 3. d4 cxd4 4. Nxd4 Nf6 5. Nc3 e5 6. Ndb5 d6 7. Bg5 a6 8. Na3 b5 9. Nd5 Be7 10. Bxf6 Bxf6 11. c3 Bg5 12. g3 O-O 13. Bg2 Rb8 14. h4 Bh6 15. O-O a5 16. Nc2 Ne7 17. Nde3 Bxe3 18. Nxe3 Be6 19. Qd3 Qb6 20. Rfd1 Rfd8 21. Rd2 Qc5 22. Kh2 Rbc8 23. Bh3 b4 24. c4 Nc6 25. b3 a4 26. Nc2 Ra8 27. Rad1 Na5 28. Qf3 Qb6 29. h5 h6 30. Ne1 Nb7 31. Ng2 Nc5 32. Bxe6 fxe6 33. Qe3 axb3 34. axb3 Qc6 35. f3 Ra3 36. Rb1 Qe8 37. g4 Qe7 38. Kg3 Rb8 39. Nh4 Qg5 40. Re2 Qf4+ 41. Kh3 Qxe3 42. Rxe3 Kf7 43. Ng2 Ra2 44. f4 Rxg2 45. Kxg2 exf4 46. Rf3 e5 47. Ra1 Rb7 48. Ra8 Nxe4 49. Rd8 Ke7 50. Rg8 Kf6 51. Rd3 Kg5 52. Rd8 Kxg4 53. R8xd6 Nxd6 54. Rxd6 Ra7 55. Rg6+ Kxh5 56. Rb6 Kg4 0-1

[Event "CAT-chT Honor Division 2019"]
[Site "Catalonia"]
[Date "2019.02.23"]
[Round "6.6"]
[White "Lever, Erwan"]
[Black "Gonzalez Garcia, Marc"]
[Result "1-0"]
[ECO "E11"]
[WhiteElo "2275"]
[BlackElo "2177"]
[Annotator "NA"]
[PlyCount "144"]
[EventDate "2019.01.16"]
[EventType "team-tourn"]
[EventCountry "ESP"]
[SourceTitle "playchess.com"]
[Source "ChessBase"]
[SourceQuality "1"]
[WhiteTeam "CE Olot"]
[BlackTeam "CE Tres Peons"]
[TimeControl "5400+30"]

1. d4 d5 2. c4 e6 3. Nf3 Nf6 4. g3 Bb4+ 5. Bd2 Be7 6. Bg2 O-O 7. O-O c6 8. Qc2 Nbd7 9. Rd1 Ne4 10. Bf4 g5 11. Bc1 f5 12. Nc3 Nd6 13. cxd5 exd5 14. Ne5 Nb6 15. f4 g4 16. b4 a6 17. Rb1 Be6 18. a4 Rc8 19. Qd3 Nbc4 20. b5 axb5 21. axb5 Bf6 22. bxc6 bxc6 23. Na4 Bxe5 24. dxe5 Ne4 25. Ba3 Rf7 26. Bb4 c5 27. Bxe4 fxe4 28. Qxc4 dxc4 29. Rxd8+ Rxd8 30. Nxc5 Bf5 31. Rc1 Rb8 32. Rxc4 Rc7 33. Ba3 e3 34. Rc3 Rb1+ 35. Bc1 Bc8 36. Kf1 Kf7 37. Ke1 h5 38. Kd1 Bf5 39. Rc4 Ke7 40. Rc3 Rc6 41. Na4 Rxc3 42. Nxc3 Rb3 43. Nd5+ Ke6 44. Nxe3 Be4 45. Kd2 Rb1 46. Nd1 Rb7 47. Nc3 Rd7+ 48. Ke3 Ba8 49. Bd2 Bc6 50. Be1 Kf5 51. Kf2 Rb7 52. Nd1 Rb3 53. Ne3+ Ke4 54. Nc4 Kf5 55. Nd6+ Ke6 56. Ba5 Kd5 57. Nf5 Ke4 58. Ng7 Bb5 59. Nxh5 Rb2 60. Nf6+ Kf5 61. Ke3 Rxe2+ 62. Kd4 Rxh2 63. Nd5 Re2 64. Bb4 Be8 65. Ne7+ Ke6 66. f5+ Kf7 67. Nd5 Bd7 68. Nf4 Rb2 69. Bc3 Rb1 70. e6+ Bxe6 71. fxe6+ Kf6 72. Ke4+ Ke7 1-0

[Event "CAT-chT Honor Division 2019"]
[Site "Catalonia"]
[Date "2019.02.23"]
[Round "6.6"]
[White "Fernandez Diaz, Cristian"]
[Black "Molina Carretero, Daniel"]
[Result "1-0"]
[ECO "A45"]
[WhiteElo "2224"]
[BlackElo "2114"]
[Annotator "NA"]
[PlyCount "103"]
[EventDate "2019.01.16"]
[EventType "team-tourn"]
[EventCountry "ESP"]
[SourceTitle "playchess.com"]
[Source "ChessBase"]
[SourceQuality "1"]
[WhiteTeam "Mollet"]
[BlackTeam "Gerunda"]
[TimeControl "5400+30"]

1. d4 Nf6 2. Bg5 e6 3. e4 h6 4. Bxf6 Qxf6 5. c3 d6 6. Bd3 g5 7. Ne2 Bg7 8. Ng3 e5 9. d5 Qg6 10. Na3 h5 11. Bb5+ Kd8 12. h4 Bg4 13. Be2 gxh4 14. Rxh4 Bf6 15. Rh2 h4 16. Bxg4 hxg3 17. Rxh8+ Bxh8 18. Qf3 gxf2+ 19. Kxf2 Qf6 20. Rh1 Na6 21. Rh7 Ke7 22. b4 Rg8 23. Bh5 Bg7 24. Qxf6+ Kxf6 25. Bg4 c6 26. dxc6 bxc6 27. Bd7 Nb8 28. Bf5 Ke7 29. Nc4 Bf6 30. a4 Bg5 31. g4 Bf6 32. b5 cxb5 33. Ne3 Bg5 34. Nd5+ Kf8 35. axb5 Bd8 36. Rh1 Kg7 37. Rh7+ Kf8 38. Kg2 Bb6 39. Nf6 Bc5 40. Nxg8 Kxg8 41. Rh1 Kg7 42. Ra1 Kf6 43. Kf3 Bb6 44. Ke2 Bc5 45. Kd3 Kg7 46. Kc4 Kf6 47. Kd5 Kg7 48. g5 Kg8 49. Rh1 Kg7 50. Bc8 Kg8 51. Rh6 Kg7 52. Rxd6 1-0

[Event "CAT-chT Honor Division 2019"]
[Site "Catalonia"]
[Date "2019.02.23"]
[Round "6.7"]
[White "Leiro Giralt, Daniel"]
[Black "Vinardell Cruanas, Sergi"]
[Result "1/2-1/2"]
[ECO "B70"]
[WhiteElo "2174"]
[BlackElo "2165"]
[Annotator "NA"]
[PlyCount "37"]
[EventDate "2019.01.16"]
[EventType "team-tourn"]
[EventCountry "ESP"]
[SourceTitle "playchess.com"]
[Source "ChessBase"]
[SourceQuality "1"]
[WhiteTeam "CE Tres Peons"]
[BlackTeam "CE Olot"]
[TimeControl "5400+30"]

1. e4 c5 2. Nc3 d6 3. Nge2 Nc6 4. g3 g6 5. d4 cxd4 6. Nxd4 Nf6 7. Bg2 Nxd4 8. Qxd4 Bg7 9. Bg5 h6 10. Be3 O-O 11. Qd2 Ng4 12. Bd4 e5 13. Be3 Be6 14. O-O Nxe3 15. Qxe3 Qc7 16. Rfd1 a6 17. Rd2 b5 18. Qd3 Rfd8 19. a4 1/2-1/2

[Event "CAT-chT Honor Division 2019"]
[Site "Catalonia"]
[Date "2019.02.23"]
[Round "6.7"]
[White "Gonzalez Vericat, Sergio"]
[Black "Morros Faura, Ricard"]
[Result "0-1"]
[ECO "A01"]
[WhiteElo "2122"]
[BlackElo "2189"]
[Annotator "NA"]
[PlyCount "82"]
[EventDate "2019.01.16"]
[EventType "team-tourn"]
[EventCountry "ESP"]
[SourceTitle "playchess.com"]
[Source "ChessBase"]
[SourceQuality "1"]
[WhiteTeam "Gerunda"]
[BlackTeam "Mollet"]
[TimeControl "5400+30"]

1. b3 e5 2. Bb2 Nc6 3. e3 Nf6 4. Bb5 Bd6 5. Na3 Na5 6. Be2 a6 7. c4 O-O 8. Nc2 Re8 9. d4 Nc6 10. c5 Bf8 11. d5 Ne7 12. Bc4 Ng6 13. b4 d6 14. cxd6 Bxd6 15. Ne2 Nh4 16. Rg1 Bf5 17. a3 Be4 18. f3 Bxf3 19. gxf3 Nxf3+ 20. Kf2 Nxh2 21. Ng3 Nfg4+ 22. Ke1 Qh4 23. e4 f5 24. Kd2 fxe4 25. Nxe4 Nf2 26. Nxf2 Qxf2+ 27. Kc3 Rf8 28. Kb3 Nf3 29. Rg4 h5 30. Rg6 Nd2+ 31. Ka2 Nxc4 32. Qxh5 Qxc2 33. Rxg7+ Kxg7 34. Rg1+ Kf6 35. Qg5+ Kf7 36. Rf1+ Ke8 37. Rxf8+ Kxf8 38. Qh6+ Kf7 39. Qe6+ Kg7 40. Qd7+ Kf6 41. Qe6+ Kg5 0-1